[Event "Titled Tuesday Blitz April 26 Early 2022"]
[White "Silvestre, Christian"]
[Black "Omelja, Artem"]
[WhiteFideId "30956269"]
[BlackFideId "14119846"]
[WhiteElo "2312"]
[BlackElo "2382"]
[Result "1-0"]
[Round "03"]
[TimeControl "180+1"]
[Date "2022.04.26"]
[WhiteClock "0:00:09"]
[BlackClock "0:00:02"]

1. Nf3 d5 2. d4 Nf6 3. Bf4 c5 4. e3 Nc6 5. c3 Qb6 6. Qb3 c4 7. Qc2 Bf5 8. Qc1 Nh5 9. Bg3 f6 10. Nbd2 Nxg3 11. hxg3 e5 12. Be2 Bd6 13. Nh4 Bd3 14. b4 O-O-O 15. Bxd3 cxd3 16. Qb1 e4 17. a4 Kb8 18. g4 Ne7 19. Nf5 Nxf5 20. gxf5 Rc8 21. Qb3 Qc6 22. Rc1 h6 23. b5 Qc7 24. Qxd5 Ba3 25. Rd1 Qxc3 26. O-O Rhe8 27. Nxe4 Qc2 28. Nd6 Bxd6 29. Qxd6+ Ka8 30. Qa3 Rc3 31. Qb4 Rec8 32. b6 a6 33. Qe7 d2 34. d5 Qxd1 35. Rxd1 Rc1 36. Kf1 Rxd1+ 37. Ke2 Rdc1 38. Kxd2 R8c2+ 39. Kd3 Rc3+ 40. Ke4 Rc4+ 41. Kf3 Rc8 42. d6 Rd1 43. Qc7 Rf8 44. d7 Rg8 45. Qc8+ Rxc8 46. dxc8=Q# 1-0


[Site "https://www.chess.com"]

[Event "Titled Tuesday Blitz April 26 Early 2022"]
[White "Simonovic, Miroslav"]
[Black "Rottenwohrer Suarez, Juan"]
[WhiteFideId "919152"]
[BlackFideId "32068182"]
[WhiteElo "2043"]
[BlackElo "2158"]
[Result "0-1"]
[Round "03"]
[TimeControl "180+1"]
[Date "2022.04.26"]
[WhiteClock "0:00:20"]
[BlackClock "0:00:15"]

1. d4 g6 2. h4 h5 3. Bg5 Bg7 4. c4 c5 5. e3 cxd4 6. exd4 d5 7. Nf3 Bg4 8. cxd5 Nf6 9. Bxf6 Bxf6 10. Nc3 O-O 11. Be2 a6 12. Qd2 b5 13. a3 Nd7 14. Ne4 Nb6 15. Nxf6+ exf6 16. O-O Qxd5 17. Rfd1 Rad8 18. Rac1 Nc4 19. Qb4 Rfe8 20. Kf1 Rxe2 21. Kxe2 Bxf3+ 22. gxf3 Re8+ 23. Kf1 Qxf3 24. Kg1 Re4 25. Qc3 Rg4+ 26. Kf1 Qg2+ 27. Ke1 Re4+ 0-1


[Site "https://www.chess.com"]

[Event "Titled Tuesday Blitz April 26 Early 2022"]
[White "Sirosh, Ilja"]
[Black "Topalov, Aleksandar"]
[WhiteFideId "4500458"]
[BlackFideId "925659"]
[WhiteElo "2241"]
[BlackElo "2158"]
[Result "1/2-1/2"]
[Round "03"]
[TimeControl "180+1"]
[Date "2022.04.26"]
[WhiteClock "0:00:07"]
[BlackClock "0:00:12"]

1. Nf3 Nf6 2. c4 g6 3. Nc3 Bg7 4. g3 O-O 5. Bg2 d6 6. O-O e5 7. Rb1 a5 8. a3 Nc6 9. d3 h6 10. b4 axb4 11. axb4 Ne7 12. b5 Be6 13. Nd2 c6 14. bxc6 bxc6 15. Bb2 d5 16. cxd5 cxd5 17. Nb5 Ne8 18. Ba3 Nc7 19. Nxc7 Qxc7 20. Bxe7 Qxe7 21. Qb3 Rfd8 22. Rfc1 h5 23. h4 e4 24. Nf1 Ra3 25. Qd1 exd3 26. exd3 Bf5 27. Rb3 Bd4 28. Rxa3 Qxa3 29. Ne3 Bxe3 30. fxe3 Qxd3 31. Qxd3 Bxd3 32. Rd1 Bc4 33. Rd4 Re8 34. e4 Bb3 35. exd5 Rd8 36. Kf2 Kf8 37. d6 Be6 38. Ke3 Rb8 39. Kf4 Ke8 40. Bc6+ Kd8 41. Kg5 Rb6 42. Be4 Kd7 43. Kf6 Rxd6 44. Rxd6+ Kxd6 45. Bf3 Bc4 46. Be4 Bb3 47. Bd3 Bd5 48. Bb1 Bc4 49. Bc2 Kc5 50. Bd1 Kd4 51. g4 hxg4 52. Bxg4 Ke3 53. h5 gxh5 54. Bxh5 Kf4 55. Bxf7 1/2-1/2


[Site "https://www.chess.com"]

[Event "Titled Tuesday Blitz April 26 Early 2022"]
[White "Sjugirov, Sanan"]
[Black "Ronka, Erik"]
[WhiteFideId "4189302"]
[BlackFideId "505080"]
[WhiteElo "2602"]
[BlackElo "2264"]
[Result "1-0"]
[Round "03"]
[TimeControl "180+1"]
[Date "2022.04.26"]
[WhiteClock "0:00:35"]
[BlackClock "0:00:06"]

1. d4 d5 2. c4 c6 3. Nf3 Nf6 4. e3 Bf5 5. Nc3 a6 6. Bd3 Bg6 7. O-O e6 8. Re1 Bb4 9. Bxg6 hxg6 10. Qb3 Bxc3 11. bxc3 b5 12. cxb5 axb5 13. Ba3 Ne4 14. Bb4 Ra4 15. g3 Nd7 16. Qc2 f6 17. Nd2 f5 18. f3 Nxd2 19. Qxd2 Nf6 20. Qd3 g5 21. e4 dxe4 22. fxe4 Nxe4 23. Rxe4 fxe4 24. Qxe4 Qd7 25. Rf1 Rxb4 26. cxb4 Rh6 27. Qe5 Rf6 28. Rxf6 gxf6 29. Qxf6 Qd5 30. a3 Qb3 31. Qxg5 Qxa3 32. Qd2 Qf3 33. Qf2 Qd1+ 34. Kg2 Qb3 35. Qd2 Qd5+ 36. Kf2 e5 37. Qe3 e4 38. g4 Kd7 39. h4 Qf7+ 40. Kg3 Qe6 41. h5 Qd6+ 42. Qf4 Qxb4 43. Qxe4 Qc3+ 44. Kh4 b4 45. h6 Qc1 46. Qf5+ Kc7 47. Qe5+ Kb7 48. Qe7+ Kc8 49. h7 Qh1+ 50. Kg5 Qc1+ 51. Kg6 Qc2+ 52. Kg7 1-0


[Site "https://www.chess.com"]

[Event "Titled Tuesday Blitz April 26 Early 2022"]
[White "Sovetbekova, Nurai"]
[Black "Di Nicolantonio, Lucas"]
[WhiteFideId "13801910"]
[BlackFideId "680460"]
[WhiteElo "1538"]
[BlackElo "2381"]
[Result "0-1"]
[Round "03"]
[TimeControl "180+1"]
[Date "2022.04.26"]
[WhiteClock "0:00:10"]
[BlackClock "0:01:23"]

1. d4 Nf6 2. c4 g6 3. g3 Bg7 4. Bg2 O-O 5. Nf3 d6 6. O-O Nc6 7. Nc3 Bf5 8. d5 Na5 9. b3 c5 10. Bd2 a6 11. Nh4 Bd7 12. e4 b5 13. cxb5 axb5 14. f4 b4 15. Ne2 Bb5 16. Re1 Nd7 17. Rc1 Nb6 18. Nf3 Nb7 19. Qc2 Qb8 20. Qb1 Qa7 21. e5 Qxa2 22. Qe4 Qxb3 23. Rb1 Bd3 24. Rxb3 Bxe4 25. exd6 exd6 26. Rc1 Bxd5 0-1


[Site "https://www.chess.com"]

[Event "Titled Tuesday Blitz April 26 Early 2022"]
[White "Srebrnic, Marko"]
[Black "Shandrygin, Nikita"]
[WhiteFideId "14603616"]
[BlackFideId "24198668"]
[WhiteElo "2340"]
[BlackElo "2323"]
[Result "0-1"]
[Round "03"]
[TimeControl "180+1"]
[Date "2022.04.26"]
[WhiteClock "0:00:35"]
[BlackClock "0:00:08"]

1. e4 c5 2. Nf3 e6 3. d4 cxd4 4. Nxd4 Nf6 5. Nc3 Nc6 6. Be2 Qc7 7. g3 a6 8. Bg5 Be7 9. Qd2 h6 10. Be3 b5 11. a3 Bb7 12. O-O-O Na5 13. Ndxb5 axb5 14. Nxb5 Qc6 15. Nd4 Qc8 16. f3 Nc4 17. Bxc4 Qxc4 18. Kb1 d5 19. e5 Nd7 20. f4 O-O 21. g4 Nc5 22. h4 Ne4 23. Qd3 Rfc8 24. h5 Qxd3 25. cxd3 Nc5 26. g5 Ba6 27. gxh6 Bxd3+ 28. Ka1 gxh6 29. Rhg1+ Kh7 30. f5 Rab8 31. f6 Bf8 32. b4 Be4 33. bxc5 Rxc5 34. Rc1 Ra5 35. Rc3 Bxa3 36. Rg7+ Kh8 37. Nb3 Ra4 38. Bb6 Bb4+ 39. Kb2 Bxc3+ 40. Kxc3 Rxb6 41. Rxf7 Rc4+ 42. Kd2 Rxb3 43. Rf8+ Kh7 44. Rf7+ Kg8 45. Rg7+ Kf8 46. Rc7 Rc2+ 47. Rxc2 Bxc2 48. Kxc2 Re3 49. Kd2 Rxe5 50. f7 Rf5 51. Kd3 Kxf7 52. Kd4 Rxh5 0-1


[Site "https://www.chess.com"]

[Event "Titled Tuesday Blitz April 26 Early 2022"]
[White "Stelmaszyk, Nico"]
[Black "Murthy, Pappu"]
[WhiteFideId "16200462"]
[BlackFideId "2013401"]
[WhiteElo "2119"]
[BlackElo "1975"]
[Result "1-0"]
[Round "03"]
[TimeControl "180+1"]
[Date "2022.04.26"]
[WhiteClock "0:00:43"]
[BlackClock "0:00:09"]

1. d4 Nf6 2. c4 c5 3. Nf3 cxd4 4. Nxd4 e6 5. g3 Bc5 6. Bg2 Nc6 7. Nc2 b6 8. O-O Bb7 9. Nc3 O-O 10. Be3 a5 11. Bxc5 bxc5 12. Nb5 d5 13. b3 d4 14. f4 Qe7 15. h3 Rfd8 16. Ne1 Nb4 17. Nd3 Bxg2 18. Kxg2 Qb7+ 19. Rf3 Ne4 20. a3 Na6 21. Qc2 Rac8 22. Raf1 f6 23. Nf2 f5 24. Nd3 Nc7 25. a4 Ne8 26. Ne5 N8f6 27. Kh2 g6 28. Qd3 Qe7 29. Rg1 Nc3 30. Nxc3 dxc3 31. Qxc3 Ne4 32. Qxa5 Rd2 33. Rg2 Rcd8 34. Nc6 Qe8 35. Nxd8 Rxd8 36. Rd3 Rb8 37. Rg1 Qc6 38. Rgd1 Kg7 39. Qa7+ Rb7 40. Rd7+ Rxd7 41. Qxd7+ Qxd7 42. Rxd7+ Kf6 43. a5 Nc3 44. a6 Nxe2 45. a7 Nd4 46. a8=Q Nf3+ 47. Qxf3 h5 48. Qc6 h4 49. gxh4 1-0


[Site "https://www.chess.com"]

[Event "Titled Tuesday Blitz April 26 Early 2022"]
[White "Stevens, Christian"]
[Black "Prieto Aranguren, Alain"]
[WhiteFideId "2604450"]
[BlackFideId "2268906"]
[WhiteElo "2524"]
[BlackElo "2235"]
[Result "1-0"]
[Round "03"]
[TimeControl "180+1"]
[Date "2022.04.26"]
[WhiteClock "0:01:03"]
[BlackClock "0:00:57"]

1. Nf3 g6 2. c4 Bg7 3. e4 d6 4. d4 Nf6 5. Nc3 O-O 6. Be2 e5 7. dxe5 dxe5 8. Qxd8 Rxd8 9. Bg5 Rf8 10. Nd5 Nxd5 11. cxd5 c6 12. Bc4 cxd5 13. Bxd5 Nc6 14. O-O-O Bg4 15. Kb1 Rac8 16. h3 Bxf3 17. gxf3 Nd4 18. Bxb7 Rc7 19. Bd5 Nxf3 20. Be3 Rfc8 21. Rc1 Nd4 22. Rxc7 Rxc7 23. Rc1 Rxc1+ 24. Kxc1 Kf8 25. Kd2 Ke7 26. Kd3 f5 27. exf5 gxf5 28. f4 e4+ 29. Kc4 Ne2 30. b4 Kd6 31. Bxa7 Kc7 32. b5 1-0


[Site "https://www.chess.com"]

[Event "Titled Tuesday Blitz April 26 Early 2022"]
[White "Stromboli, Ettore"]
[Black "Dwilewicz, Katarzyna"]
[WhiteFideId "813761"]
[BlackFideId "1148486"]
[WhiteElo "2414"]
[BlackElo "1907"]
[Result "1-0"]
[Round "03"]
[TimeControl "180+1"]
[Date "2022.04.26"]
[WhiteClock "0:00:06"]
[BlackClock "0:00:03"]

1. e4 c5 2. Nf3 d6 3. d4 cxd4 4. Nxd4 Nf6 5. f3 e5 6. Bb5+ Bd7 7. Bxd7+ Qxd7 8. Nf5 d5 9. Bg5 dxe4 10. Bxf6 Qxd1+ 11. Kxd1 gxf6 12. fxe4 Nc6 13. c3 O-O-O+ 14. Ke2 Rg8 15. g3 Ne7 16. Rf1 Nxf5 17. Rxf5 Rg6 18. Nd2 Bh6 19. Nc4 Kc7 20. Raf1 b5 21. Ne3 Bxe3 22. Kxe3 Rd6 23. Rh5 h6 24. Rff5 Kd7 25. Ke2 Ke7 26. Rh4 Rg8 27. Rxh6 Rgd8 28. Kf3 Rd3+ 29. Kg4 Rg8+ 30. Kh3 Rg6 31. Rh8 Rd2 32. Ra8 Rxb2 33. Rxa7+ Kf8 34. Rh5 Kg7 35. Ra8 Rh6 36. Rxh6 Kxh6 37. Rb8 Rxa2 38. Rxb5 Rc2 39. Rc5 Kg5 40. Rc7 Kg6 41. g4 Re2 42. Rc4 Kg5 43. Kg3 Re3+ 44. Kf2 Rh3 45. Kg2 Re3 46. Rc7 Rxe4 47. h3 Kg6 48. c4 Re3 49. c5 Rc3 50. c6 e4 51. Re7 Rxc6 52. Rxe4 Rc3 53. h4 Kh6 54. Rf4 Kg6 55. Rf5 Rd3 56. h5+ Kg7 57. Kf2 Ra3 58. Rb5 Rc3 59. Rf5 Ra3 60. Rf3 Ra4 61. Kg3 Ra5 62. Re3 Ra1 63. Kf4 Rf1+ 64. Rf3 Ra1 65. Re3 Ra4+ 66. Re4 Ra1 67. Kf5 Rf1+ 68. Rf4 Ra1 69. Ke4 Ra4+ 70. Ke3 Ra3+ 71. Kf2 Ra2+ 72. Kg3 Ra1 73. Rf2 Ra3+ 74. Kh4 Ra4 75. Rf5 Rb4 76. Kg3 Rb3+ 77. Kg2 Rb4 78. Kh3 Ra4 79. Rf3 Rb4 80. Ra3 Rc4 81. Ra8 Rb4 82. Rd8 Rc4 83. Rd7 Rb4 84. Kg3 Rc4 85. Rb7 Ra4 86. Rb3 Rc4 87. Kf3 Ra4 88. Rc3 Rb4 89. Rc8 Ra4 90. Rc6 Rb4 91. Kg3 Ra4 92. Kh4 Rb4 93. h6+ Kxh6 94. Rxf6+ Kg7 95. Rf5 Rc4 96. Kg5 Rc6 97. Ra5 Rg6+ 98. Kf4 Rf6+ 99. Kg3 Re6 100. Ra3 Kg6 101. Ra8 Re3+ 102. Kf4 Rb3 103. Rg8+ Kh7 104. Rg5 Rb4+ 105. Kf3 Rb3+ 106. Ke4 Rb4+ 107. Ke3 Ra4 108. Kf2 Rb4 109. Kg3 Ra4 110. Kh4 f6 111. Rb5 Kg6 112. Rb6 Rc4 113. Ra6 Kg7 114. Kh5 Rc5+ 115. Kh4 Rc4 116. Ra5 Rc1 117. Ra7+ Kg6 118. Ra8 Rh1+ 119. Kg3 Rc1 120. Kf3 Kg7 121. Ra7+ Kg6 122. Rc7 Rc3+ 123. Rxc3 1-0


[Site "https://www.chess.com"]

[Event "Titled Tuesday Blitz April 26 Early 2022"]
[White "Subelj, Jan"]
[Black "Sarana, Alexey"]
[WhiteFideId "14618583"]
[BlackFideId "24133795"]
[WhiteElo "2306"]
[BlackElo "2666"]
[Result "0-1"]
[Round "03"]
[TimeControl "180+1"]
[Date "2022.04.26"]
[WhiteClock "0:00:20"]
[BlackClock "0:01:51"]

1. d4 Nf6 2. Nf3 d5 3. c4 e6 4. Nc3 Bb4 5. Bg5 dxc4 6. e4 c5 7. Bxc4 cxd4 8. Nxd4 Bxc3+ 9. bxc3 Qa5 10. Bxf6 Qxc3+ 11. Kf1 Qxc4+ 12. Kg1 Bd7 13. Rc1 Qb4 14. Bxg7 Rg8 15. Bf6 Rg6 16. e5 Nc6 17. Nf3 Ne7 18. Nh4 Rg8 19. Rb1 Qe4 20. Qf3 Qxb1+ 0-1


[Site "https://www.chess.com"]

[Event "Titled Tuesday Blitz April 26 Early 2022"]
[White "Svane, Frederik"]
[Black "Fedoseev, Vladimir"]
[WhiteFideId "12923044"]
[BlackFideId "24130737"]
[WhiteElo "2831"]
[BlackElo "3042"]
[Result "0-1"]
[Round "03"]
[TimeControl "180+1"]
[Date "2022.04.26"]
[WhiteClock "0:00:15"]
[BlackClock "0:01:50"]

1. e4 c6 2. Nf3 d5 3. d3 Qc7 4. Nc3 dxe4 5. dxe4 e5 6. Bc4 b5 7. Bb3 h6 8. O-O Nf6 9. Re1 a5 10. a4 b4 11. Ne2 Ba6 12. Ng3 Nbd7 13. Be3 Rd8 14. Qb1 Nc5 15. Qa2 Nxb3 16. cxb3 Ng4 17. Rac1 Rd3 18. Bc5 Bxc5 19. Rxc5 Qb6 20. Rc2 c5 21. h3 c4 22. Qb1 cxb3 23. Rce2 Nf6 24. Nxe5 Rxg3 25. Re3 Rxe3 26. Rxe3 O-O 27. Nf3 Bc4 28. e5 Nd7 29. Re4 Be6 30. Rh4 Rc8 31. Qe4 Nf8 32. Qf4 Ng6 0-1


[Site "https://www.chess.com"]

[Event "Titled Tuesday Blitz April 26 Early 2022"]
[White "Swiercz, Dariusz"]
[Black "Urbina Perez, Juan Antonio"]
[WhiteFideId "1126881"]
[BlackFideId "2217368"]
[WhiteElo "2627"]
[BlackElo "2192"]
[Result "1-0"]
[Round "03"]
[TimeControl "180+1"]
[Date "2022.04.26"]
[WhiteClock "0:00:38"]
[BlackClock "0:00:11"]

1. Nf3 d5 2. b3 Bg4 3. e3 e5 4. h3 Bxf3 5. Qxf3 c6 6. Bb2 Bd6 7. d3 Nf6 8. g3 Nbd7 9. Qe2 Qe7 10. Bg2 O-O 11. Nd2 Ba3 12. Bxa3 Qxa3 13. O-O Rfe8 14. h4 a5 15. Rfb1 Rad8 16. Qd1 e4 17. Qc1 Qxc1+ 18. Rxc1 exd3 19. cxd3 Ra8 20. d4 h5 21. Bh3 g6 22. a3 Re7 23. Rc2 Nb6 24. Rac1 Ne4 25. Nxe4 Rxe4 26. Rc5 Re7 27. Rb1 Nd7 28. Rc2 Nb6 29. Bf1 Nc8 30. b4 axb4 31. axb4 Nd6 32. b5 Rc7 33. bxc6 bxc6 34. Rbc1 Ne4 35. Bd3 Rac8 36. Bxe4 dxe4 37. Rc5 Kf8 38. Kg2 f5 39. Re5 Re7 40. Ra5 Rec7 41. f3 exf3+ 42. Kxf3 Ke7 43. Kf4 Kf6 44. Rac5 Kg7 45. d5 Re8 46. dxc6 Re4+ 47. Kf3 Kf6 48. R1c4 Rxc4 49. Rxc4 Ke5 50. Rc1 Kd5 51. Kf4 Ke6 52. Kg5 Ke5 53. Kxg6 Ke4 54. Rc3 Kf3 55. Kxh5 Kxg3 56. Kg5 Rg7+ 57. Kxf5 Kxh4 58. c7 1-0


[Site "https://www.chess.com"]

[Event "Titled Tuesday Blitz April 26 Early 2022"]
[White "Taichman, Ori"]
[Black "Shankland, Sam"]
[WhiteFideId "2804069"]
[BlackFideId "2004887"]
[WhiteElo "2227"]
[BlackElo "2618"]
[Result "0-1"]
[Round "03"]
[TimeControl "180+1"]
[Date "2022.04.26"]
[WhiteClock "0:00:28"]
[BlackClock "0:01:28"]

1. e4 c6 2. d4 d5 3. e5 Bf5 4. Nd2 e6 5. Nb3 Nd7 6. Be3 Bg6 7. Be2 Nh6 8. f4 Nf5 9. Bf2 h5 10. Nf3 Be7 11. O-O h4 12. g4 hxg3 13. hxg3 Rc8 14. Kg2 c5 15. Rh1 Rxh1 16. Qxh1 Nxd4 17. Nbxd4 cxd4 18. Qh8+ Bf8 19. Nxd4 Be4+ 20. Kg1 a6 21. c3 g6 22. Qg8 Nc5 23. Nb3 Na4 24. Kh2 Qe7 25. g4 Kd7 26. Qh7 Nxb2 27. Bh4 g5 0-1


[Site "https://www.chess.com"]

[Event "Titled Tuesday Blitz April 26 Early 2022"]
[White "Tanenbaum, Zachary"]
[Black "Richter, Nils"]
[WhiteFideId "2060850"]
[BlackFideId "12990809"]
[WhiteElo "2168"]
[BlackElo "2243"]
[Result "1-0"]
[Round "03"]
[TimeControl "180+1"]
[Date "2022.04.26"]
[WhiteClock "0:01:20"]
[BlackClock "0:01:12"]

1. e4 e6 2. d4 d5 3. Nc3 Nf6 4. Bg5 dxe4 5. Nxe4 Be7 6. Bxf6 gxf6 7. Nf3 f5 8. Nc3 a6 9. Qe2 b5 10. O-O-O b4 11. Na4 Qd5 12. c4 bxc3 13. Nxc3 Qa5 14. d5 Bd7 15. Ne5 exd5 16. Nxd5 Be6 17. Nc4 Qc5 18. Qe5 O-O 19. b4 Nd7 20. Qg3+ Kh8 21. bxc5 Bxc5 22. Nxc7 Rab8 23. Nxe6 fxe6 24. Rxd7 Rg8 25. Qe5+ 1-0


[Site "https://www.chess.com"]

[Event "Titled Tuesday Blitz April 26 Early 2022"]
[White "Tasev, Dejan"]
[Black "Popadic, Dragan"]
[WhiteFideId "936618"]
[BlackFideId "913650"]
[WhiteElo "2253"]
[BlackElo "2203"]
[Result "1-0"]
[Round "03"]
[TimeControl "180+1"]
[Date "2022.04.26"]
[WhiteClock "0:00:12"]
[BlackClock "0:00:01"]

1. e4 c5 2. Nf3 Nc6 3. Nc3 e5 4. Bc4 Be7 5. d3 Nf6 6. Nd2 O-O 7. Nf1 d6 8. Ne3 Be6 9. Bb3 Na5 10. O-O Nxb3 11. axb3 a6 12. f4 exf4 13. Rxf4 Nd7 14. Ned5 Bf6 15. Nxf6+ Nxf6 16. Qf3 Nd7 17. Qg3 Ne5 18. Be3 Kh8 19. Raf1 Qe7 20. Rh4 Rad8 21. Bf4 f6 22. Be3 b5 23. Ne2 Bf7 24. Qh3 Bg8 25. Ng3 d5 26. Nf5 Qd7 27. Bxc5 Rfe8 28. d4 Ng6 29. Rh5 Rxe4 30. Qg3 Bf7 31. Qh3 Bg8 32. Qg3 Bf7 33. Nd6 Re2 34. Nxf7+ Qxf7 35. Qh3 h6 36. Rhf5 Rde8 37. R5f2 Rxf2 38. Rxf2 Re1+ 39. Rf1 Re2 40. Qc8+ Kh7 41. Qxa6 Qe8 42. Qb7 Qe4 43. Rf3 Re1+ 44. Kf2 Nh4 45. Bf8 Re2+ 46. Kf1 1-0


[Site "https://www.chess.com"]

[Event "Titled Tuesday Blitz April 26 Early 2022"]
[White "Tatarinov, Dmitry"]
[Black "Avazkhonov, Alikhon"]
[WhiteFideId "24160067"]
[BlackFideId "14208504"]
[WhiteElo "2302"]
[BlackElo "1739"]
[Result "1-0"]
[Round "03"]
[TimeControl "180+1"]
[Date "2022.04.26"]
[WhiteClock "0:01:55"]
[BlackClock "0:00:04"]

1. d4 d5 2. c4 e6 3. Nf3 c6 4. e3 f6 5. Bd3 f5 6. O-O Nf6 7. Nc3 Bd6 8. b3 O-O 9. Bb2 Ne4 10. Ne2 Rf6 11. Ne5 Rh6 12. g3 Nd7 13. f3 Nec5 14. Bc2 Bxe5 15. dxe5 Qg5 16. Nf4 Nf8 17. cxd5 exd5 18. b4 Nce6 19. Qd2 Nxf4 20. exf4 Qe7 21. Rae1 Be6 22. a4 Nd7 23. a5 a6 24. Bd4 Rf8 25. Qc3 g5 26. fxg5 Qxg5 27. f4 Qh5 28. Rf2 Kh8 29. Bd1 Qh3 30. Rg2 Rg8 31. Re3 Rhg6 32. g4 Qh4 33. Rh3 Qe7 34. g5 Qg7 35. Rhg3 h6 36. Bh5 hxg5 37. Bxg6 Qxg6 38. Rxg5 Qh7 39. Rxg8+ Bxg8 40. e6+ 1-0


[Site "https://www.chess.com"]

[Event "Titled Tuesday Blitz April 26 Early 2022"]
[White "Todorovic, Bojan"]
[Black "Bacrot, Etienne"]
[WhiteFideId "917087"]
[BlackFideId "605506"]
[WhiteElo "2266"]
[BlackElo "2673"]
[Result "0-1"]
[Round "03"]
[TimeControl "180+1"]
[Date "2022.04.26"]
[WhiteClock "0:01:08"]
[BlackClock "0:01:30"]

1. d4 Nf6 2. c4 e6 3. Nc3 Bb4 4. e3 O-O 5. Bd3 b6 6. Nf3 Bb7 7. O-O d5 8. Qe2 dxc4 9. Bxc4 Nbd7 10. Rd1 Qe7 11. Bd2 a6 12. a3 Bd6 13. e4 e5 14. Bg5 exd4 15. Nxd4 g6 16. Nd5 Qxe4 17. Bxf6 Bxd5 18. Bxd5 Qxd5 19. Nc6 Qxc6 0-1


[Site "https://www.chess.com"]

[Event "Titled Tuesday Blitz April 26 Early 2022"]
[White "Tymrakiewicz, Rafal"]
[Black "Fajdetic, Hrvoje"]
[WhiteFideId "1108832"]
[BlackFideId "14501945"]
[WhiteElo "2205"]
[BlackElo "2172"]
[Result "1-0"]
[Round "03"]
[TimeControl "180+1"]
[Date "2022.04.26"]
[WhiteClock "0:00:59"]
[BlackClock "0:00:09"]

1. e4 e6 2. d4 d5 3. e5 c5 4. c3 Nc6 5. Nf3 Bd7 6. Bd3 cxd4 7. O-O f6 8. cxd4 fxe5 9. dxe5 g6 10. Nc3 Bg7 11. Re1 a6 12. Ng5 Nge7 13. Qf3 Rf8 14. Qh3 Nxe5 15. Bc2 Qb6 16. Be3 d4 17. Na4 Qa7 18. Bd2 Nf5 19. Bb4 d3 20. Bc5 dxc2 21. Bxa7 Rxa7 22. Nc5 Bc8 23. Ncxe6 Bf6 24. Nxf8 Kxf8 25. Nxh7+ 1-0


[Site "https://www.chess.com"]

[Event "Titled Tuesday Blitz April 26 Early 2022"]
[White "Urazayev, Arystanbek"]
[Black "Grandelius, Nils"]
[WhiteFideId "13709810"]
[BlackFideId "1710400"]
[WhiteElo "2422"]
[BlackElo "2617"]
[Result "0-1"]
[Round "03"]
[TimeControl "180+1"]
[Date "2022.04.26"]
[WhiteClock "0:00:47"]
[BlackClock "0:00:11"]

1. d4 d5 2. c4 e6 3. Nc3 a6 4. cxd5 exd5 5. Qb3 Nf6 6. Bg5 c5 7. Bxf6 gxf6 8. e3 Nc6 9. Nge2 Be6 10. g3 c4 11. Qd1 Nb4 12. Nf4 Bf5 13. Rc1 Bd6 14. Nfxd5 Nxd5 15. Nxd5 Be4 16. Bxc4 Bxd5 17. Bxd5 Qa5+ 18. Ke2 Qxd5 19. b3 O-O 20. Qd3 Rac8 21. Rhd1 Qh5+ 22. Kf1 Rxc1 23. Rxc1 Qxh2 24. Qe4 Qh3+ 25. Ke2 Qd7 26. g4 Re8 27. Qf3 Bf8 28. a4 Bg7 29. Rc5 Qxd4 30. Rh5 Qb2+ 31. Kf1 Qb1+ 32. Kg2 Qe4 33. Rd5 Qxf3+ 34. Kxf3 Re6 35. Rd8+ Bf8 36. a5 Re5 0-1


[Site "https://www.chess.com"]

[Event "Titled Tuesday Blitz April 26 Early 2022"]
[White "Vakhlamov, Igor L."]
[Black "Elgersma, Onno"]
[WhiteFideId "24126748"]
[BlackFideId "1053531"]
[WhiteElo "2401"]
[BlackElo "2304"]
[Result "1/2-1/2"]
[Round "03"]
[TimeControl "180+1"]
[Date "2022.04.26"]
[WhiteClock "0:00:56"]
[BlackClock "0:00:24"]

1. e4 e6 2. d4 d5 3. Nc3 Bb4 4. exd5 exd5 5. Bd3 Nf6 6. Nf3 Bg4 7. O-O O-O 8. h3 Bh5 9. Bf4 Bd6 10. Bg5 c6 11. Re1 Nbd7 12. g4 Bg6 13. Ne5 Be7 14. f4 Nxe5 15. fxe5 Nd7 16. Bxe7 Qxe7 17. Bxg6 fxg6 18. Qd2 Rf3 19. Kg2 Raf8 20. Rf1 Rxf1 21. Rxf1 Rxf1 22. Kxf1 Nf8 23. Ne2 Ne6 24. Qe3 Qh4 25. c3 h5 26. Qg3 Qxg3 27. Nxg3 hxg4 28. hxg4 Kh7 29. Kf2 Kh6 30. Ne2 g5 31. Ke3 Kg6 32. b3 Kf7 33. c4 g6 34. Nc3 Nc7 35. cxd5 cxd5 36. Kd3 Ke6 37. a4 b6 38. Ne2 Na6 39. Kc3 Nb8 40. Ng1 Nc6 41. Nf3 Ke7 42. Kd2 Nd8 43. Nxg5 Ne6 44. Nxe6 Kxe6 45. Kc3 a5 46. g5 Kf5 47. b4 Ke6 48. Kb3 Kf5 49. Kc3 Ke6 50. bxa5 bxa5 51. Kd3 Kf5 52. Ke3 Ke6 53. Kf3 Ke7 54. Kg4 Ke6 55. Kf4 Ke7 56. Kg4 Ke6 57. Kf4 Ke7 58. Kg4 1/2-1/2


[Site "https://www.chess.com"]

[Event "Titled Tuesday Blitz April 26 Early 2022"]
[White "Vasquez Schroeder, Rodrigo"]
[Black "Ferreira, Vitor Hugo Vieira"]
[WhiteFideId "3400042"]
[BlackFideId "2119765"]
[WhiteElo "2561"]
[BlackElo "2165"]
[Result "1-0"]
[Round "03"]
[TimeControl "180+1"]
[Date "2022.04.26"]
[WhiteClock "0:01:16"]
[BlackClock "0:00:19"]

1. e4 c5 2. Nf3 d6 3. d4 cxd4 4. Nxd4 Nf6 5. Nc3 a6 6. Bg5 e6 7. f4 Be7 8. Qf3 h6 9. Bh4 Qc7 10. O-O-O Nbd7 11. Be2 g5 12. fxg5 Ne5 13. Qe3 Nfg4 14. Bxg4 Nxg4 15. Qd2 hxg5 16. Bxg5 Bxg5 17. Qxg5 Ne5 18. Kb1 Bd7 19. Nf3 Nc4 20. Nd2 Ne5 21. h4 Qd8 22. Qg7 Rf8 23. Nf3 Nxf3 24. gxf3 Qb6 25. Qf6 Qd8 26. Qxd8+ Kxd8 27. Rxd6 Ke7 28. Rd3 Bc6 29. Ne2 Rh8 30. Nd4 Bd7 31. f4 Rh7 32. Rd2 Rah8 33. Rdh2 f6 34. Kc1 e5 35. fxe5 fxe5 36. Nf3 Rh5 37. Kd2 Bc6 38. Ke3 Rf8 39. Rh3 Rf4 40. Ng5 Rxg5 41. hxg5 Rxe4+ 42. Kd3 Rg4 43. Rh7+ Kd6 44. R1h6+ Kc5 45. Rg7 e4+ 46. Ke3 Rg3+ 47. Kf4 Rf3+ 48. Kg4 Rf2 49. Re7 Rxc2 50. g6 Rxb2 51. Rh3 Bd5 52. Kf4 Rf2+ 53. Ke5 Rg2 54. g7 Rg5+ 55. Kf4 Rg2 56. Rg3 Rxg3 57. Kxg3 Bxa2 58. Rxb7 a5 59. Kf4 Bd5 60. Ra7 Kb4 61. Rd7 Be6 62. Rd4+ Kb3 63. Rxe4 Bd5 64. Re5 Bc4 65. Rxa5 1-0


[Site "https://www.chess.com"]

[Event "Titled Tuesday Blitz April 26 Early 2022"]
[White "Vovk, Orest"]
[Black "Pham, Tran Gia Phuc"]
[WhiteFideId "14113490"]
[BlackFideId "12415669"]
[WhiteElo "2203"]
[BlackElo "1789"]
[Result "1-0"]
[Round "03"]
[TimeControl "180+1"]
[Date "2022.04.26"]
[WhiteClock "0:01:25"]
[BlackClock "0:00:25"]

1. d3 c5 2. Nd2 d5 3. e4 Nc6 4. Ngf3 Nf6 5. Be2 e5 6. O-O g6 7. h3 Bg7 8. exd5 Nxd5 9. a4 O-O 10. Nc4 Nd4 11. Nxd4 cxd4 12. Bf3 Be6 13. Re1 Qc7 14. Bd2 Rac8 15. a5 f5 16. Qe2 Rfe8 17. Nxe5 Bf7 18. Nxf7 Rxe2 19. Bxd5 Rxd2 20. Nd8+ Kh8 21. Re8+ Bf8 22. Rxf8+ Kg7 23. Ne6+ Kh6 24. Nxc7 Rxf8 25. Bb3 Rd8 26. Ne6 Rd6 27. Kf1 1-0


[Site "https://www.chess.com"]